 Dungeon Crawl Stone Soup version 0.20-a0-760-g49f5558 (webtiles) character file.

170 thurin the Cudgeler (level 5, -9/45 HPs)
             Began as a Minotaur Berserker on Feb 26, 2017.
             Was a Believer of Trog.
             Mangled by an ogre
             ... wielding a +0 giant club
              (23 damage)
             ... on level 4 of the Dungeon.
             The game lasted 00:10:04 (3168 turns).

thurin the Cudgeler (Minotaur Berserker)            Turns: 3168, Time: 00:10:04

Health: -9/45      AC:  7    Str: 22    XL:     5   Next: 25%
Magic:  4/4        EV:  9    Int:  4    God:    Trog [**....]
Gold:   178        SH:  5    Dex: 10    Spells: 4/4 levels left

rFire    . . .     SeeInvis .   h - +0 flail
rCold    . . .     Gourm    .   i - +0 scale mail
rNeg     . . .     Faith    .   t - +2 buckler
rPois    .         Spirit   .   (helmet restricted)
rElec    .         Reflect  .   r - +0 cloak
rCorr    .         Harm     .   (no gloves)
MR       .....                  (no boots)
Stlth    ..........             (no amulet)
Regen    0.2/turn               (no ring)
MPRegen  0.1/turn               (no ring)

@: no status effects
A: retaliatory headbutt, horns 2
a: Berserk, Trog's Hand, Burn Spellbooks, Renounce Religion


You were on level 4 of the Dungeon.
You worshipped Trog.
Trog was pleased with you.
You were not hungry.

You visited 1 branch of the dungeon, and saw 4 of its levels.

You collected 178 gold pieces.

Inventory:

Hand Weapons
 a - a +0 mace
 h - a +0 flail (weapon)
Armour
 f - a +0 cloak
 i - a +0 scale mail (worn)
 r - a +0 cloak (worn)
 t - a +2 buckler (worn)
Jewellery
 s - an uncursed ring of flight
Wands
 b - a wand of iceblast (2/15)
 q - a wand of flame (45/48)
Scrolls
 d - 2 scrolls of identify
 e - 3 scrolls of remove curse
 g - 4 scrolls of teleportation
 j - a scroll of enchant armour {unknown}
 k - a scroll of immolation {unknown}
 l - a scroll of fog
Potions
 o - 4 potions of curing {unknown}
 p - a potion of lignification {unknown}
 u - a potion of might {unknown}
Comestibles
 c - 4 bread rations
 m - 3 chunks of flesh
 n - a royal jelly


   Skills:
 - Level 3.6 Fighting
 + Level 7.2 Maces & Flails
 - Level 2.4 Armour
 - Level 2.1 Dodging


You had 4 spell levels left.
You didn't know any spells.

Dungeon Overview and Level Annotations

Branches:
Dungeon (4/15)
 Temple: D:4-7

Altars:
The Shining One


Innate Abilities, Weirdness & Mutations

You reflexively headbutt those who attack you in melee.
You have a pair of horns on your head.


Message History

The ogre shouts!
Found an escape hatch in the ceiling.
You see here a potion of degeneration.
You see here a bubbling golden potion.
u - a bubbling golden potion You barely miss the ogre.
The ogre hits you with a giant club!
You thump the ogre!
The ogre is moderately wounded.
You block the ogre's attack.
You sock the ogre!
The ogre is heavily wounded.
The ogre hits you with a giant club!
You barely miss the ogre.
The ogre is heavily wounded.
The ogre barely misses you.
You thump the ogre!
The ogre is almost dead.
The ogre hits you with a giant club!!
Ouch! That really hurt!
You die...

#...........# #....)......#
#...........#########
#...........'....#...
#...........####.#.##.
+................<...
#<....!(...........##
#####O.#...#...#...###
#@.#.###........(.
#....####+#)#.....
#.#####...#.###### #+#
#.#.........
######################.#..#######
#...................##.#..)......
#..#...#...#...#...###.#.#####..#
#_...................#.#.# #(..
#..#...#...#...#...#...#.# ##..


You could see an ogre.

Vanquished Creatures
  An iguana (D:4)
  6 adders
  2 oozes
  2 worms
  2 leopard geckos
  8 orcs
  4 bats
  9 giant cockroaches
  4 goblins
  6 hobgoblins
  3 jackals (D:2)
  A quokka (D:3)
  A ball python (D:3)
  5 frilled lizards
  9 kobolds
  5 rats
68 creatures vanquished.

Notes
Turn   | Place    | Note
-------+----------+-------------------------------------------
     0 | D:1      | thurin the Minotaur Berserker began the quest for the Orb.
     0 | D:1      | Reached XP level 1. HP: 19/19 MP: 0/0
   139 | D:1      | Reached skill level 4 in Maces & Flails
   158 | D:1      | Reached XP level 2. HP: 21/26 MP: 1/1
   689 | D:1      | Reached skill level 5 in Maces & Flails
  1007 | D:2      | Reached XP level 3. HP: 31/31 MP: 2/2
  1127 | D:2      | Reached ** piety under Trog
  1464 | D:2      | Reached XP level 4. HP: 26/39 MP: 3/3
  1573 | D:2      | Reached skill level 6 in Maces & Flails
  2812 | D:3      | Reached XP level 5. HP: 44/45 MP: 4/4
  2961 | D:4      | Found a glowing golden altar of the Shining One.
  2986 | D:4      | Reached skill level 7 in Maces & Flails
  3156 | D:4      | Noticed an ogre
  3168 | D:4      | Mangled by an ogre

Vault maps used:
D:1:      dpeg_arrival_signposts
D:2:      minmay_roachtagon
D:3:      nrook_mini_vaults
D:4:      grunt_gozag_statues, nicolae_overflow_hidden_temple,
          lemuel_coloured_pillars_altar, first_bread

Skill      XL: |  1  2  3  4  5 |
---------------+----------------+-----
Maces & Flails | 4 5 6 7 |  7.2
Fighting       | |  3.6
Armour         | |  2.4
Dodging        | |  2.1

Action                   |  1- 3 |  4- 6 || total
-------------------------+-------+-------++-------
Melee: Mace              |    93 |    27 ||   120
       Headbutt          |    11 |    12 ||    23
       Flail             |       |    49 ||    49
  Use: Scroll            |     1 |     4 ||     5
  Eat: Chunk             |     2 |     5 ||     7
Armor: Animal skin       |    11 |       ||    11
       Scale mail        |    26 |    19 ||    45
Dodge: Dodged            |    35 |    38 ||    73
Block: Buckler           |       |     1 ||     1
